 Dungeon Crawl Stone Soup version 0.30-a0-782-ge64f9170bb (console) character file.

Game seed: 12165019443585886578

170 rlgrobin the Poker (level 5, -2/54 HPs)
             Began as an Ogre Monk on Feb 18, 2023.
             Was a Believer of Qazlal.
             Slain by an iguana (11 damage)
             ... on level 4 of the Dungeon.
             The game lasted 00:05:28 (2398 turns).

rlgrobin the Poker (Ogre Monk)                      Turns: 2398, Time: 00:05:28

Health: -2/54      AC:  3    Str: 18    XL:     5   Next: 50%
Magic:  5/5        EV: 10    Int: 11    God:    Qazlal [**....]
Gold:   194        SH:  2    Dex: 13    Spells: 4/4 levels left

rFire   . . .      SeeInvis .    a - +0 spear
rCold   . . .      Faith    .    (no shield)
rNeg    . . .      Spirit   .    i - +0 robe of Uptunoda {Str+3 Slay+3}
rPois   .          Reflect  .    (helmet restricted)
rElec   .          Harm     .    (no cloak)
rCorr   .          Rampage  .    (gloves unavailable)
Will    .....                    (boots unavailable)
Stlth   ++                       (no amulet)
HPRegen 0.29/turn                (no ring)
MPRegen 0.09/turn                (no ring)

@: no status effects
A: large, unfitting armour, tough skin 1
a: Renounce Religion, Upheaval


You were on level 4 of the Dungeon.
You worshipped Qazlal.
Qazlal was pleased with you.
You visited 2 branches of the dungeon, and saw 5 of its levels.

You collected 194 gold pieces.

Inventory:

Hand Weapons
 a - a +0 spear (weapon)
Missiles
 j - 6 poisoned darts (quivered)
Armour
 i - the +0 robe of Uptunoda (worn) {Str+3 Slay+3}
   (You found it on level 2 of the Dungeon)

   Str:       It affects your strength (+3).
   Slay:      It affects your accuracy & damage with ranged weapons and melee
   (+3).
Magical Staves
 m - a staff of earth
Scrolls
 b - a scroll of noise {unknown}
 d - 3 scrolls of teleportation {unknown}
 h - a scroll of torment {unknown}
 k - a scroll of enchant weapon {unknown}
 l - 2 scrolls of identify {unknown}
 o - a scroll of vulnerability {unknown}
Potions
 c - a potion of ambrosia
 e - a potion of curing {unknown}
 f - a potion of might {unknown}
 g - a potion of heal wounds {unknown}
 n - a potion of mutation {unknown}


   Skills:
 - Level 4.0 Fighting
 + Level 6.0 Polearms
 - Level 2.6 Dodging
 - Level 1.4 Stealth
 + Level 0.1 Invocations


You had 4 spell levels left.
You didn't know any spells.
Your spell library contained the following spells:

 Spells                   Type           Power      Damage    Failure   Level
 Cigotuvi's Dreadful Rot  Necr/Pois/Air  0%         N/A       47%         2
 Poisonous Vapours        Pois/Air       0%         N/A       47%         2
 Mephitic Cloud           Conj/Pois/Air  0%         N/A       71%         3
 Iskenderun's Battlesphe  Conj           0%         2d6       100%        5
 Iron Shot                Conj/Erth      0%         9d1       100%        6
 Spellforged Servitor     Conj/Summ      0%         N/A       100%        7


Dungeon Overview and Level Annotations

Branches:
Dungeon (4/15)             Temple (1/1) D:4

Altars:
Ashenzari
Cheibriados
Fedhas
Gozag
Nemelex Xobeh
Okawaru
Qazlal
Ru
Sif Muna
Trog
Uskayaw
Vehumet
Xom
Zin


Innate Abilities, Weirdness & Mutations

You are too large for most types of armour.
You have tough skin. (AC +1)


Message History

The endoplasm hits you but does no damage.
You puncture the endoplasm!
You kill the endoplasm!
Qazlal accepts your kill.
No target in view!
There is an open door here.
Found a stone staircase leading down.
You open the door.
There is an open door here.
You enter the shallow water.
There is an open door here.
An iguana comes into view.
An iguana comes into view.
Found a glowing flail.
The iguana hisses angrily.
You reach to attack!
You puncture the iguana!
The iguana is heavily wounded.
You closely miss the iguana.
The iguana is heavily wounded.
The iguana bites you!
You hit the iguana.
The iguana is almost dead.
The iguana bites you!
You closely miss the iguana.
The iguana is almost dead.
The iguana bites you!
You are too injured to fight recklessly!
You barely miss the iguana.
The iguana is almost dead.
You hit the iguana but do no damage.
The iguana is almost dead.
The iguana barely misses you.
You hit the iguana.
The iguana is almost dead.
The iguana bites you!
* * * LOW HITPOINT WARNING * * *
You barely miss the iguana.
The iguana is almost dead.
The iguana bites you!
You die...

#>.......'.....
#####.##.#....#
#.##.#....#
#.#..#....#
#..........
##.###.....#
######..#~~~~~~~~
###.......#~#.....#
#.@l.......~.......
####'####.....~.......
#~~~.~~~#.....~...>...
#~.....~#.....~.......
#~.♣♣♣.~#l....~.......
#~.♣ ♣.~#....#~#.....#
#~.♣♣♣.~#....#~~~~~~~~
#~.....~#....###.....#
#~~~~~~~#.............


You could see an iguana.

Vanquished Creatures
  An ogre (D:3)
  3 adders
  A worm (D:2)
  2 dart slugs
  2 orcs (D:4)
  4 bats
  7 endoplasms
  2 giant cockroaches
  5 goblins
  6 hobgoblins
  3 quokkas (D:1)
  5 ball pythons
  A frilled lizard (D:2)
  4 kobolds
  9 rats
55 creatures vanquished.

Notes
Turn   | Place    | Note
-------+----------+-------------------------------------------
     0 | D:1      | rlgrobin the Ogre Monk began the quest for the Orb.
     0 | D:1      | Reached XP level 1. HP: 24/24 MP: 1/1
   214 | D:1      | Reached XP level 2. HP: 30/32 MP: 2/2
   465 | D:1      | Reached skill level 4 in Polearms
   494 | D:1      | Reached XP level 3. HP: 39/39 MP: 3/3
   776 | D:2      | Identified the +0 robe of Uptunoda {Str+3 Slay+3}
   805 | D:2      | Found a faded altar of an unknown god.
  1485 | D:3      | Reached XP level 4. HP: 46/48 MP: 4/4
  1579 | D:3      | Noticed an ogre
  1591 | D:3      | Killed an ogre
  1592 | D:3      | Reached skill level 5 in Polearms
  1592 | D:3      | Reached XP level 5. HP: 44/54 MP: 5/5
  1776 | D:3      | Found a shimmering blue altar of Sif Muna.
  2050 | D:4      | Found a staircase to the Ecumenical Temple.
  2058 | D:4      | Reached skill level 6 in Polearms
  2079 | Temple   | Entered the Ecumenical Temple
  2275 | Temple   | Became a worshipper of Qazlal Stormbringer
  2275 | Temple   | Reached * piety under Qazlal
  2275 | Temple   | Reached ** piety under Qazlal
  2398 | D:4      | Slain by an iguana

Illustrated notes

Levels and vault maps discovered:
D:1:      lightli_molten_gateway, layout_basic, amethyst_killhole
D:2:      layout_basic, shapermc_ecumenical_altar_venn
D:3:      layout_rooms, lemuel_round_altar
D:4:      layout_basic, tgw_kikubaaqudgha, minmay_temple_entry_water_ring,
          kennysheep_generic_room_11
Temple:   nicolae_temple_bog_church

Skill      XL: |  1  2  3  4  5 |
---------------+----------------+-----
Polearms       | 4 5 6 |  6.0
Fighting       | |  4.0
Dodging        | |  2.6
Stealth        | |  1.4
Invocations    | |  0.1

Action                     |  1- 3 |  4- 6 || total
---------------------------+-------+-------++-------
  Melee: Spear             |   141 |    65 ||   206
  Throw: Dart              |       |     2 ||     2
   Stab: Sleeping          |     4 |     1 ||     5
         Distracted        |     1 |       ||     1
 Armour: Robe              |    19 |    13 ||    32
  Dodge: Dodged            |    47 |    18 ||    65

Table legend: (Time is in decaauts)
 A = Elapsed time spent in this place.
 B = Non-inter-level travel time spent in this place.
 C = Inter-level travel time spent in this place.
 D = Time resting spent in this place.
 E = Time spent auto-exploring this place.
 F = Levels seen in this place.
 G = Mean time per level.
                   A        B        C        D        E       F      G
               +--------+--------+--------+--------+--------+-----+--------+
         Total |   2373 |   2265 |    108 |      5 |   1783 |   5 |  474.6 |
       Dungeon |   2158 |   2088 |     70 |      5 |   1632 |   4 |  539.5 |
        Temple |    214 |    176 |     38 |      0 |    151 |   1 |  214.0 |
               +--------+--------+--------+--------+--------+-----+--------+

Top non-repeatable levels by time:
     D:2: 765 daAuts
     D:1: 693 daAuts
     D:3: 552 daAuts
  Temple: 214 daAuts
     D:4: 147 daAuts
